 Dungeon Crawl Stone Soup version 0.31.0-32-g396128a36d (webtiles) character file.

Game seed: 17266527567616452242

363 Eolas the Ruffian (level 6, -6/61 HPs)
             Began as a Troll Berserker on Mar 23, 2024.
             Was a Believer of Trog.
             Mangled by an orc warrior
             ... wielding a +0 battleaxe
              (14 damage)
             ... on level 4 of the Dungeon on Mar 24, 2024.
             The game lasted 00:21:52 (1454 turns).

Eolas the Ruffian (Troll Berserker)                 Turns: 1454, Time: 00:21:53

Health: -6/61      AC:  4    Str: 28    XL:     6   Next: 39%
Magic:  5/5        EV: 10    Int:  3    God:    Trog [**....]
Gold:   93         SH:  0    Dex:  9    Spells: 5/5 levels left

rFire   . .          .
                       - Unarmed
rCold   . . .        (no shield)
rNeg    . . .        f - +0 robe
rPois   .            (helmet restricted)
rElec   .            (no cloak)
rCorr   .            (gloves unavailable)
SInv    .            (boots unavailable)
Will    ++...        (no amulet)
Stlth   +            (no ring)
HPRegen 2.10/turn    (no ring)
MPRegen 0.09/turn

%: no passive effects
@: strong-willed (expiring), regenerating (expiring)
A: large, unfitting armour, claws 3, regeneration 1, shaggy fur 1, tough skin 1
a: Renounce Religion, Berserk, Trog's Hand


You were on level 4 of the Dungeon.
You worshipped Trog.
Trog was pleased with you.
You visited 1 branch of the dungeon, and saw 4 of its levels.

You collected 93 gold pieces.

Inventory:

Missiles
 d - 6 boomerangs (quivered)
Armour
 a - a +0 animal skin
 f - a +0 robe (worn)
Scrolls
 b - a scroll of torment {unknown}
 c - 3 scrolls of identify {unknown}
 e - a scroll of fear {unknown}
 g - a scroll of fog {unknown}


   Skills:
 + Level 3.2 Fighting
 + Level 3.3 Dodging
 + Level 0.5 Stealth
 + Level 5.9 Unarmed Combat


You had 5 spell levels left.
You didn't know any spells.
Your spell library contained the following spells:

 Spells                   Type           Power      Damage    Failure   Level
 Freeze                   Ice            0%         1d3       52%         1
 Frozen Ramparts          Ice            0%         1d1       88%         3
 Hailstorm                Conj/Ice       0%         3d5       88%         3


Dungeon Overview and Level Annotations

Branches:
Dungeon (4/15)
 Temple: D:4-7

Altars:


Innate Abilities, Weirdness & Mutations

You are too large for most types of armour.
You have claws for hands.
Your natural rate of healing is unusually fast.
You are covered in fur. (AC +1)
You have tough skin. (AC +1)


Message History

The orc warrior is moderately wounded.
The orc hits you with a +0 short sword. The orc warrior closely misses you.
You barely miss the orc. The orc closely misses you.
The orc priest looks encouraged for a moment.
The orc warrior closely misses you.
You claw the orc!
You kill the orc!
Trog accepts your kill.
The orc warrior hits you with a +0 battleaxe.
You claw the scorpion!
The scorpion is severely wounded.
The scorpion barely misses you.
You scratch the scorpion but do no damage.
The scorpion is severely wounded.
The orc warrior hits you with a +0 battleaxe!
The scorpion stings you.
You mangle the scorpion!!
You kill the scorpion!
Trog accepts your kill.
The orc warrior hits you with a +0 battleaxe!
You mangle the orc priest!!
You kill the orc priest!
Trog accepts your kill.
The orc warrior hits you but does no damage.
You claw the orc warrior!
The orc warrior is severely wounded.
You feel the effects of Trog's Hand fading.
The orc warrior hits you with a +0 battleaxe!
You scratch the orc warrior.
The orc warrior is severely wounded.
The orc warrior hits you with a +0 battleaxe.
* * * LOW HITPOINT WARNING * * *
You scratch the orc warrior but do no damage.
The orc warrior is severely wounded.
The orc warrior hits you with a +0 battleaxe!
* * * LOW HITPOINT WARNING * * *
You closely miss the orc warrior.
The orc warrior is severely wounded.
The orc warrior hits you with a +0 battleaxe!
You die...

............##.
...............
...:..<...#..#####
............<.....
........#$........
........#.........
...........# .....
........).o#......
.#######..@)......
#..##...### #..#
...# ##.## #..#
.....
......#..#.......
.................
......#........ .
#######.##.....
#.# .....


You could see an orc warrior.

Vanquished Creatures
  Sigmund (D:3)
  A scorpion (D:4)
  An orc priest (D:4)
  Terence (D:3)
  Natasha (D:3)
  2 dart slugs
  A ribbon worm (D:2)
  3 orcs (D:4)
  3 ball pythons
  6 endoplasms
  A giant cockroach (D:1)
  5 goblins
  7 hobgoblins
  4 jackals (D:3)
  3 quokkas
  5 bats
  2 kobolds
  3 rats
50 creatures vanquished.

Notes
Turn   | Place    | Note
-------+----------+-------------------------------------------
     0 | D:1      | Eolas the Troll Berserker began the quest for the Orb.
     0 | D:1      | Reached XP level 1. HP: 22/22 MP: 0/0
    86 | D:1      | Reached XP level 2. HP: 29/29 MP: 1/1
   775 | D:2      | Reached XP level 3. HP: 36/36 MP: 2/2
  1129 | D:3      | Reached ** piety under Trog
  1156 | D:3      | Noticed Terence
  1161 | D:3      | Noticed Sigmund
  1164 | D:3      | Reached skill level 4 in Unarmed Combat
  1174 | D:3      | Killed Terence
  1175 | D:3      | Reached XP level 4. HP: 20/44 MP: 3/3
  1256 | D:3      | Killed Sigmund
  1257 | D:3      | Reached skill level 5 in Unarmed Combat
  1257 | D:3      | Reached XP level 5. HP: 32/53 MP: 4/4
  1373 | D:3      | Noticed Natasha
  1376 | D:3      | Killed Natasha
  1428 | D:4      | Reached XP level 6. HP: 61/61 MP: 5/5
  1435 | D:4      | Noticed an orc warrior
  1454 | D:4      | Mangled by an orc warrior

Illustrated notes

Levels and vault maps discovered:
D:1:      nzn_arrival_crosshair, layout_loops_corners, minmay_split_cup_large
D:2:      layout_loops_ring, minmay_pentomino_s4
D:3:      layout_basic, uniq_terence, uniq_sigmund, uniq_natasha
D:4:      layout_rooms, kennysheep_small_circle

Skill      XL: |  1  2  3  4 |
---------------+-------------+-----
Unarmed Combat | 4 5 |  5.9
Fighting       | 3 |  3.2
Dodging        | 3 |  3.3
Stealth        | |  0.5

Action                     |  1- 3 |  4- 6 || total
---------------------------+-------+-------++-------
  Melee: Unarmed           |    93 |    34 ||   127
         Punch             |     1 |       ||     1
 Invoke: Trog's Hand       |     1 |     2 ||     3
 Armour: Animal skin       |    40 |    21 ||    61
         Robe              |       |    13 ||    13
  Dodge: Dodged            |    32 |     7 ||    39
